 Dungeon Crawl Stone Soup version 0.24-a0-358-g53aee78b01 (webtiles) character file.

Game seed: 1304185861880939914

51 Azzok the Firebug (level 3, 0/19 HPs)
             Began as a Deep Elf Fire Elementalist on May 25, 2019.
             Killed by divine providence
             ... invoked by an orc priest
              (15 damage)
             ... on level 2 of the Dungeon.
             The game lasted 00:01:42 (1573 turns).

Azzok the Firebug (Deep Elf Fire Elementalist)      Turns: 1573, Time: 00:01:42

Health: 0/19       AC:  2    Str:  5    XL:     3   Next: 58%
Magic:  10/10      EV: 13    Int: 20    God:
Gold:   109        SH:  0    Dex: 15    Spells: 9/10 levels left

rFire    . . .     SeeInvis .   (no weapon)
rCold    . . .     Gourm    .   (no shield)
rNeg     . . .     Faith    .   a - +0 robe
rPois    .         Spirit   .   (no helmet)
rElec    .         Reflect  .   (no cloak)
rCorr    .         Harm     .   (no gloves)
MR       .....                  (no boots)
Stlth    ++........             (no amulet)
HPRegen  0.06/turn              (no ring)
MPRegen  0.12/turn              (no ring)

@: no status effects
A: no striking features
a: no special abilities


You were on level 2 of the Dungeon.
You were not hungry.

You visited 1 branch of the dungeon, and saw 2 of its levels.

You collected 109 gold pieces.

Inventory:

Armour
 a - a +0 robe (worn)
Scrolls
 e - a scroll of teleportation {unknown}
 f - a scroll of amnesia {unknown}
 g - a scroll of fear {unknown}
 i - 2 scrolls of identify {unknown}
 j - 2 scrolls of remove curse {unknown}
Potions
 b - 4 potions of curing {unknown}
 d - a potion of heal wounds {unknown}
 k - a potion of might {unknown}
 l - a potion of lignification {unknown}
Comestibles
 c - 3 rations
 h - a chunk of flesh


   Skills:
 - Level 2.4 Dodging
 - Level 2.4 Stealth
 + Level 4.0 Spellcasting
 + Level 2.3 Conjurations
 + Level 4.0 Fire Magic


You had 9 spell levels left.
You knew the following spells:

 Your Spells              Type           Power        Failure   Level  Hunger
a - Flame Tongue          Conj/Fire      ###..        3%          1    None

Your spell library contained the following spells:

 Spells                   Type           Power        Failure   Level  Hunger
 Throw Flame              Conj/Fire      ###...       5%          2    #......
 Conjure Flame            Conj/Fire      ###.....     11%         3    ###....
 Inner Flame              Hex/Fire       ##......     17%         3    ###....
 Sticky Flame             Conj/Fire      ###.....     34%         4    ####...
 Fireball                 Conj/Fire      ###.......   67%         5    ######.


Dungeon Overview and Level Annotations

Branches:
Dungeon (2/15)

Altars:


Message History

Press: ? - help, Shift-Dir - straight line, f - orc
Aim: an orc, wielding a +0 mace The flame tongue hits the orc!
You kill the orc!
Your Spellcasting skill increases to level 4!
The orc priest shouts!
Some of the chunks of flesh in your inventory have rotted away.
The orc priest calls down the wrath of Beogh upon you.
Beogh smites you!
There is a stone staircase leading down here.
You see here 4 boomerangs.
Things that are here:
a +0 dagger; 2 stones The rat barely misses you.
The rat twitches its whiskers.
The orc priest looks satisfied for a moment.
The orc priest calls down the wrath of Beogh upon you.
Beogh smites you!
Ouch! That really hurt!
You die...

▒··▒·▒▒·▒▒·· ··▒
▒··▒·▒▒·▒▒·▒ ▒·▒
▒··▒·▒▒·▒▒·▒ ▒·▒▒▒▒▒▒▒▒
▒··▒·▒▒·▒▒·▒▒▒ ▒·▒▒······ ▒▒
▒··▒·▒▒······▒ ▒·▒▒·▒▒▒▒▒
···
▒··▒·▒▒··▒▒▒·▒▒▒▒·▒▒······
▒▒▒·▒▒··^·····▒
▒·········▒▒▒▒▒
··············▒▒▒··o·o·····▒
▒
[·······)·····@·ro▒▒▒··▒▒··▒
▒ ·▒▒▒▒·▒▒·▒·▒▒▒▒·▒▒▒
▒·▒▒▒··▒ ▒ ·· ▒··÷··÷·····▒
▒·▒ ▒o·▒ ·· ▒·▒▒▒·▒▒▒▒▒·▒
▒·▒ ▒o·▒ ···▒▒▒▒·▒ ▒·▒ ▒·▒
▒·▒ ▒··▒ ······▒·▒ ▒·▒ ▒·▒
▒·▒ ▒··▒▒▒▒ ·· ▒·▒·▒▒▒·▒ ▒·▒
▒·▒ ▒····oo ·· ▒·······▒ ···
▒·▒ ▒▒·▒▒▒▒ ··▒▒▒·▒·▒▒▒▒▒
▒···o·


You could see an orc priest, 2 orcs and a rat.

Vanquished Creatures
  2 dart slugs (D:1)
  A leopard gecko (D:2)
  An orc (D:2)
  A ball python (D:1)
  10 goblins
  2 hobgoblins
  7 jackals
  8 kobolds
  5 bats
  3 rats (D:2)
40 creatures vanquished.

Notes
Turn   | Place    | Note
-------+----------+-------------------------------------------
     0 | D:1      | Azzok the Deep Elf Fire Elementalist began the quest for
                  | the Orb.
     0 | D:1      | Reached XP level 1. HP: 10/10 MP: 6/6
   172 | D:1      | Reached XP level 2. HP: 15/15 MP: 6/8
  1084 | D:1      | Reached XP level 3. HP: 19/19 MP: 8/10
  1573 | D:2      | Killed from afar by an orc priest

Levels and vault maps discovered:
D:1:      doesnt_arrival_eight_statues, layout_loops_cross
D:2:      cheibrodos_pilgrimage, layout_loops_ring

Skill      XL: |  1  2  3 |
---------------+----------+-----
Conjurations   | 2 |  2.3
Fire Magic     | 4 |  4.0
Spellcasting   | 4 |  4.0
Dodging        | |  2.4
Stealth        | |  2.4

Action                   || total
-------------------------++-------
Melee: Unarmed           ||     6
 Cast: Flame Tongue      ||    67
  Eat: Chunk             ||     2
Armor: Robe              ||     5
Dodge: Dodged            ||    21

Table legend:
 A = Non-vault XP
 B = Vault XP
 C = Vault XP percentage of total XP
 D = Non-vault monster count
 E = Vault monster count
 F = Vault count percentage of total count
                 A         B        C        D         E       F
            +---------+---------+-------+---------+---------+-------
      Total |      71 |       3 |   4.1 |      39 |       1 |   2.5
            +---------+---------+-------+---------+---------+-------
        D:1 |      42 |       0 |   0.0 |      21 |       0 |   0.0
        D:2 |      29 |       3 |   9.4 |      18 |       1 |   5.3
            +---------+---------+-------+---------+---------+-------
